AoeStats
← 化劲省二

Arabia

510727775Analyzed
1v1 RM · 1d ago on Oct 2, 2026· 35m 23s· 2 players
Game mode
Random Map
Map size
Tiny (2 player)
Population
200
Speed
Normal
Resources
Standard
Victory
Conquest
Starting age
Dark Age
Ending age
Imperial Age
RankedLock teamsTeams togetherTeam positionsShared explorationLock speedFull tech treeHidden civsTurbo modeCheats
Victory
Defeat
🇨🇳 Khitans · China
1184
+16
🇹🇷 Slavs · Türkiye
1192
-16
化劲省二
6:55 Loom
9:54 Feudal Age
11:35 Double-Bit Axe
12:06 Domestication
16:05 Wheelbarrow
16:30 Gold Mining
17:07 Forging
18:02 Scale Mail Armor
20:44 Castle Age
20:06 Scale Mail Armor
20:09 Stone Mining
21:11 Town Watch
22:09 Bow Saw
22:38 Squires
26:23 Iron Casting
29:52 Chain Mail Armor
29:36 Arson
31:45 Pastoralism
32:31 Pikeman
33:17 Pikeman
35:40 Hand Cart
35:45 Scale Barding Armor
Tolstoyevski
6:05 Loom
9:00 Feudal Age
9:52 Double-Bit Axe
11:29 Man-at-Arms
18:08 Scale Barding Armor
20:19 Castle Age
18:32 Bloodlines
18:45 Gold Mining
19:32 Forging
20:19 Horse Collar
21:27 Chain Barding Armor
29:47 Husbandry
30:50 Iron Casting
30:06 Light Cavalry
35:10 Wheelbarrow
34:51 Elite Skirmisher
Connection lost

Rejoining the realm…

Still unreachable

The connection could not be restored.

Session expired

The server has moved on; the page needs a fresh start.